 Dungeon Crawl Stone Soup version 0.15-a0-179-gb770d62 (webtiles) character file.

2304 PolkaDot the Cloud Mage (level 9, 0/57 HPs)
             Began as a Vampire Air Elementalist on Apr 19, 2014.
             Was a Believer of Vehumet.
             Slain by an ogre
             ... wielding a +0,+0 giant club
              (20 damage)
             ... on Level 7 of the Dungeon.
             The game lasted 00:36:12 (6036 turns).

PolkaDot the Cloud Mage (Vampire Air Elementalist)  Turns: 6036, Time: 00:36:12

HP   0/57        AC  2     Str  7      XL: 9   Next:  4%
MP   2/20        EV 12     Int 20      God: Vehumet [**....]
Gold 262         SH  0     Dex 14      Spells:  3 memorised,  7 levels left

rFire  . . .     SeeInvis +     c - +5,+3 long sword (slice)
rCold  . . .     Clarity  .     a - -1 robe
rNeg   . . .     Conserve .     (no shield)
rPois  .         rCorr    .     l - +0 helmet
rElec  .         rRot     .     m - -1 cloak
SustAb . .       Spirit   .     (no gloves)
rMut   .         Warding  .     (no boots)
Saprov . . .     Stasis   .     (no amulet)
MR     .....                    p - ring of sustenance
                                n - ring of flight

@: regenerating quickly, very slightly contaminated, not resistant to hostile
enchantments, stealthy
A: bottle blood, fangs 3, see invisible, unbreathing
a: Bottle Blood, Renounce Religion, Evoke Flight


You were on level 7 of the Dungeon.
You worshipped Vehumet.
Vehumet was pleased with you.
You were very full.

You visited 2 branches of the dungeon, and saw 8 of its levels.

You collected 339 gold pieces.
You spent 77 gold pieces at shops.

Inventory:

Hand weapons
 c - a +5,+3 long sword of slicing (weapon)
Armour
 a - a -1 robe (worn)
 l - a +0 helmet (worn)
 m - a -1 cloak (worn)
Scrolls
 d - 2 scrolls of noise {unknown}
 e - a scroll of teleportation
 f - 2 scrolls of enchant armour
 h - a scroll of identify
 k - 2 scrolls of remove curse
 o - 2 scrolls of fear
 r - 2 scrolls of blinking
 s - a scroll of recharging
 t - a scroll of amnesia
 v - 2 scrolls of fog {unknown}
Jewellery
 n - a ring of flight (left hand)
 p - a ring of sustenance (right hand)
Potions
 g - a potion of lignification
 i - a potion of curing
 q - 7 potions of blood {@w2}
 w - a potion of berserk rage {unknown}
Books
 b - a book of Air

   Spells                             Type                      Level
   *Shock                             Conjuration/Air              1
   Swiftness                          Charms/Air                   2
   Repel Missiles                     Charms/Air                   2
   Flight                             Charms/Air                   3
   *Static Discharge                  Conjuration/Air              3
   *Lightning Bolt                    Conjuration/Air              5
 j - a book of Cantrips

   Spells                             Type                      Level
   Confusing Touch                    Hexes                        1
   Animate Skeleton                   Necromancy                   1
   Summon Small Mammal                Summoning                    1
   Apportation                        Translocation                1
 u - a book of Spatial Translocations

   Spells                             Type                      Level
   Apportation                        Translocation                1
   Blink                              Translocation                2
   Shroud of Golubria                 Charms/Translocation         2
   Portal Projectile                  Translocation                3
   Teleport Other                     Translocation                3
   Passage of Golubria                Translocation                4


   Skills:
 - Level 2.1 Dodging
 - Level 3.0 Stealth
 + Level 4.1 Spellcasting
 * Level 6.0 Conjurations
 * Level 8.4 Air Magic


You had 7 spell levels left.
You knew the following spells:

 Your Spells              Type           Power        Failure   Level  Hunger
a - Shock                 Conj/Air       ####         1%          1    None
s - Static Discharge      Conj/Air       ####....     1%          3    ###....
z - Lightning Bolt        Conj/Air       ####......   21%         5    #####..


Dungeon Overview and Level Annotations

Branches:
Dungeon (7/15)             Temple (1/1) D:4

Altars:
Ashenzari
Elyvilon
Fedhas
Kikubaaqudgha
Makhleb
Okawaru
Sif Muna
Vehumet
Xom
Yredelemnul
Zin
Lugonu

Shops:
D:4 (   D:6 =


Innate Abilities, Weirdness & Mutations

Your natural rate of healing is unusually fast.
You can bottle blood from corpses.
You have razor-sharp teeth.*
You have supernaturally acute eyesight.
You can survive without breathing.*


Message History

Casting: Lightning Bolt
Confirm with . or Enter, or press ? or * to list all spells.
Aiming: Lightning Bolt
Press: ? - help, Shift-Dir - straight line You hear a mighty clap of thunder!
The bolt of lightning hits the wight.
The wight is almost destroyed.
The bolt of lightning hits the wight.
You destroy the wight!
Vehumet accepts your kill.
You feel your power returning.
The bolt of lightning hits the ogre.
The ogre is almost dead.
* * * LOW MAGIC WARNING * * *
The wight hits you with a spear of freezing.
The wight freezes you.
You hit the wight.
You destroy the wight!
Vehumet accepts your kill.
You feel your power returning. The ogre hits you with a giant club!
You die...

##.# ##. #..# #..
###'#### #.#
#......########'#
#......'..##.....
#......##..#.....
..###
#......###.'.....
#...).##......#
###.....
#zO@......#
#.....
####......#
#..... #......#
#...[. #...<..#
#..... ########
######


You could see an ogre and a wight.

Vanquished Creatures
  Grinder (D:5)
  5 ogres
  A phantom (D:5)
  2 sky beasts
  A centaur (D:6)
  A giant frog (D:7)
  3 scorpions
  4 wights (D:7)
  A crimson imp (D:7)
  A big fish (D:4)
  A jelly (D:7)
  An orc priest (D:3)
  2 hounds
  A giant frog skeleton (D:6)
  An iguana (D:5)
  3 worker ants
  3 orc wizards
  A hound skeleton (D:4)
  4 gnolls (D:6)
  6 adders
  A shadow imp (D:6)
  An inept item mimic (D:4)
  3 giant mites
  3 worms
  2 giant eyeballs
  5 giant geckos
  4 oozes
  8 orcs
  10 bats
  4 giant cockroaches
  19 goblins
  9 hobgoblins
  15 jackals
  8 kobolds
  2 quokkas
  6 giant newts
  A hobgoblin skeleton (D:7)
  An orc skeleton (D:4)
  18 rats
163 creatures vanquished.

Notes
Turn   | Place    | Note
--------------------------------------------------------------
     0 | D:1      | PolkaDot, the Vampire Air Elementalist, began the quest for the Orb.
     0 | D:1      | Reached XP level 1. HP: 13/13 MP: 3/3
   125 | D:1      | Reached skill level 1 in Conjurations
   135 | D:1      | Reached XP level 2. HP: 1/19 MP: 4/4
   885 | D:2      | Reached XP level 3. HP: 24/24 MP: 6/6
  1285 | D:2      | Found a basalt altar of Yredelemnul.
  1454 | D:2      | Reached skill level 4 in Air Magic
  1659 | D:3      | Learned a level 3 spell: Static Discharge
  1680 | D:3      | Reached XP level 4. HP: 30/30 MP: 5/7
  1862 | D:3      | Reached XP level 5. HP: 12/35 MP: 9/9
  2533 | D:4      | Reached skill level 5 in Air Magic
  2704 | D:4      | Noticed an ogre
  2769 | D:4      | Killed an ogre
  2769 | D:4      | Reached XP level 6. HP: 24/41 MP: 0/10
  2817 | D:4      | Found a staircase to the Ecumenical Temple.
  2828 | Temple   | Entered the Ecumenical Temple
  3209 | D:4      | Found Mnac's Antique Weapon Boutique.
  3223 | D:4      | Bought a glowing long sword for 77 gold pieces
  3451 | D:4      | Noticed an ogre
  3532 | D:4      | Killed an ogre
  3532 | D:4      | Reached skill level 6 in Air Magic
  3532 | D:4      | Reached XP level 7. HP: 40/46 MP: 0/12
  3744 | D:4      | Found an iron altar of Okawaru.
  3744 | D:4      | Found a radiant altar of Vehumet.
  3745 | D:4      | Found a blossoming altar of Fedhas.
  3751 | D:4      | Became a worshipper of Vehumet
  3758 | D:4      | Learned a level 5 spell: Lightning Bolt
  3967 | D:5      | Entered Level 5 of the Dungeon
  4112 | D:5      | Noticed Grinder
  4123 | D:5      | Paralysed by Grinder for 6 turns
  4134 | D:5      | Killed Grinder
  4143 | D:5      | Reached skill level 7 in Air Magic
  4143 | D:5      | Reached XP level 8. HP: 16/52 MP: 2/14
  4512 | D:5      | Reached skill level 5 in Conjurations
  4852 | D:5      | Acquired Vehumet's first power
  4852 | D:5      | Offered knowledge of Magic Dart by Vehumet.
  5310 | D:6      | Found a glowing silver altar of Zin.
  5318 | D:6      | Found Femub's Jewellery Shop.
  5676 | D:6      | Reached skill level 8 in Air Magic
  5833 | D:7      | Offered knowledge of Throw Flame by Vehumet.
  6033 | D:7      | Reached XP level 9. HP: 39/57 MP: 4/19
  6036 | D:7      | Slain by an ogre

Action                   |  1- 3 |  4- 6 |  7- 9 || total
-------------------------+-------+-------+-------++-------
Melee: Short sword       |    68 |   121 |       ||   189
       Unarmed           |     2 |       |       ||     2
       Dagger            |    73 |       |       ||    73
       Long sword        |       |     4 |   147 ||   151
 Cast: Shock             |    28 |    17 |       ||    45
       Static Discharge  |       |    20 |    39 ||    59
       Lightning Bolt    |       |       |     5 ||     5
 Abil: Bottle Blood      |       |       |    11 ||    11
  Use: Potion            |     1 |     2 |    13 ||    16
       Scroll            |    10 |     1 |     4 ||    15
 Stab: Sleeping          |     7 |     2 |     7 ||    16
       Distracted        |       |     1 |       ||     1
